 Dungeon Crawl Stone Soup version 0.21-a0-78-g82a99e0 (webtiles) character file.

61 sdghwersg the Magician (level 4, 0/30 HPs)
             Began as a Human Wizard on June 22, 2017.
             Slain by an adder (2 damage)
             ... on level 2 of the Dungeon.
             The game lasted 00:14:48 (1967 turns).

sdghwersg the Magician (Human Wizard)               Turns: 1967, Time: 00:14:49

Health: 0/30       AC:  3    Str:  8    XL:     4   Next: 27%
Magic:  1/10       EV: 12    Int: 19    God:
Gold:   96         SH:  0    Dex: 11    Spells: 3/11 levels left

rFire    . . .     SeeInvis .   (no weapon)
rCold    . . .     Gourm    .   (no shield)
rNeg     . . .     Faith    .   a - +1 robe
rPois    .         Spirit   .   b - +0 hat
rElec    .         Reflect  .   (no cloak)
rCorr    .         Harm     .   (no gloves)
MR       .....                  (no boots)
Stlth    ++........             (no amulet)
HPRegen  0.10/turn              (no ring)
MPRegen  0.12/turn              (no ring)

@: no status effects
A: no striking features
a: no special abilities


You were on level 2 of the Dungeon.
You were very hungry.

You visited 1 branch of the dungeon, and saw 2 of its levels.

You collected 96 gold pieces.

Inventory:

Missiles
 m - 62 stones (quivered)
Armour
 a - a +1 robe (worn)
 b - a +0 hat (worn)
Scrolls
 n - a scroll of magic mapping {unknown}
Potions
 e - a potion of brilliance {unknown}
 j - 2 potions of flight {unknown}
Books
 c - a book of Minor Magic

   Spells                             Type                      Level
   a - Magic Dart                     Conjuration                  1
   b - Blink                          Translocation                2
   c - Call Imp                       Summoning                    2
   d - Slow                           Hexes                        2
   e - Conjure Flame                  Conjuration/Fire             3
   f - Mephitic Cloud                 Conjuration/Poison/Air       3
Comestibles
 d - a bread ration
 g - 5 fruits
 k - a meat ration
 l - a royal jelly


   Skills:
 + Level 2.5 Dodging
 + Level 2.0 Stealth
 + Level 4.0 Spellcasting
 + Level 1.7 Conjurations
 + Level 1.0 Summonings
 + Level 1.0 Translocations


You had 3 spell levels left.
You knew the following spells:

 Your Spells              Type           Power        Failure   Level  Hunger
a - Magic Dart            Conj           ##..         7%          1    None
b - Blink                 Tloc           N/A          14%         2    ##.....
c - Mephitic Cloud        Conj/Pois/Air  #.......     32%         3    ###....
d - Call Imp              Summ           #.......     14%         2    ##.....


Dungeon Overview and Level Annotations

Branches:
Dungeon (2/15)

Altars:
Wu Jian

Annotations:
D:2 Robin


Message History

Aim: an adder (moderately wounded)
The magic dart hits the adder.
The adder is heavily wounded.
The adder bites you but does no damage.
A worm and a hobgoblin come into view.
The adder hisses angrily.
The adder bites you.
* * * LOW HITPOINT WARNING * * *
The adder closely misses you. The adder closely misses you.
You see here a scroll labeled ZENOREYV VILI.
A rat comes into view.
Found an escape hatch in the ceiling.
The adder completely misses you. The adder bites you.
* * * LOW HITPOINT WARNING * * *
The adder barely misses you.
A giant cockroach comes into view.
The adder bites you.
You die...

#.....##..... ###.........w.
##.......#..... #......?.g.....
...............
..$................#....
...................#.#.#
......SS..#............#
.......@..#.............
#......................#
#........##..........#)#
......r..< .........##.. _.8.
#........... #.....?..).. .8..#
#..........###.#.........
8....##..........s.......##....
..............>........# ###รท.
.##............ ...... ....#


You could see a worm, 2 adders, a giant cockroach (sleeping), a hobgoblin and a
rat.

Vanquished Creatures
  An adder (D:2)
  An ooze (D:1)
  2 leopard geckos (D:1)
  4 hobgoblins
  A ball python (D:2)
  4 bats (D:1)
  4 frilled lizards (D:1)
  13 goblins
  6 kobolds
  6 rats
42 creatures vanquished.

Vanquished Creatures (collateral kills)
  3 hobgoblins (D:2)
3 creatures vanquished.

Grand Total: 45 creatures vanquished

Notes
Turn   | Place    | Note
-------+----------+-------------------------------------------
     0 | D:1      | sdghwersg the Human Wizard began the quest for the Orb.
     0 | D:1      | Reached XP level 1. HP: 13/13 MP: 4/4
   294 | D:1      | Reached XP level 2. HP: 19/19 MP: 3/6
   333 | D:1      | Learned a level 2 spell: Blink
   790 | D:1      | Reached XP level 3. HP: 24/24 MP: 6/8
  1397 | D:2      | Found a faded altar of an unknown god.
  1496 | D:2      | Noticed Robin
  1609 | D:2      | Reached XP level 4. HP: 27/30 MP: 1/9
  1614 | D:2      | Learned a level 3 spell: Mephitic Cloud
  1617 | D:2      | Learned a level 2 spell: Call Imp
  1797 | D:2      | Reached skill level 4 in Spellcasting
  1930 | D:2      | Found an ornate altar of the Wu Jian Council.
  1967 | D:2      | Slain by an adder

Vault maps used:
D:1:      sevenhm_arrival_forest_fort_small_5, minmay_split_cup_small
D:2:      overflow_temple_1_default, chequers_ecumenical_altar_simple_redux,
          uniq_robin

Skill      XL: |  1  2  3  4 |
---------------+-------------+-----
Spellcasting   | 4 |  4.0
Dodging        | |  2.5
Stealth        | |  2.0
Conjurations   | |  1.7
Summonings     | |  1.0
Translocations | |  1.0

Action                   |  1- 3 |  4- 6 || total
-------------------------+-------+-------++-------
Melee: Unarmed           |     3 |     1 ||     4
 Cast: Magic Dart        |    83 |    20 ||   103
       Blink             |     2 |       ||     2
       Call Imp          |       |     3 ||     3
       Mephitic Cloud    |       |     1 ||     1
  Use: Scroll            |       |     2 ||     2
       Potion            |       |     1 ||     1
  Eat: Chunk             |     1 |     1 ||     2
Armor: Robe              |     5 |     5 ||    10
Dodge: Dodged            |    21 |    29 ||    50
